Thunderbirds vs Wolfpack

Created - March 7, 2025 at 10:22

Goals
1 2 3 T
Thunderbirds 3 0 0 3
Wolfpack 5 1 1 7
Shots
1 2 3 T
Thunderbirds 11 9 9 29
Wolfpack 12 8 13 33

1st period

1. Thunderbirds , Trent Frederic 7 (Pierre Engvall 20) at 2:01 (SH)
2. Thunderbirds , Joachim Blichfeld 44 (Trent Frederic 12) at 12:36
3. Wolfpack , Mikhail Vorobyev 5 (Derrick Pouliot 43, Colton White 28) at 13:32
4. Wolfpack , K'Andre Miller 2 (Mikhail Vorobyev 9, Linus Sandin 7) at 15:01
5. Wolfpack , Alex Barre-Boulet 19 (Owen Tippet 23, Alexander Barabanov 25) at 15:28
6. Wolfpack , Colton White 7 (Nolan Patrick 39, Dustin Wolf) at 18:02 (PP)
7. Thunderbirds , Dylan Blujus 6 (Alex Vlasic 1, Rourke Chartier 48) at 18:14
8. Wolfpack , Alex Barre-Boulet 20 (Dryden Hunt 18, Sebastian Collberg 31) at 18:44

Penalties :
Dylan Blujus (Spr) for Unsportsmanlike conduct (Minor) at 1:46, Alex Vlasic (Spr) for Cross-checking (Minor) at 17:52

2nd period

9. Wolfpack , Dryden Hunt 16 (Sebastian Collberg 32, Nolan Patrick 40) at 10:42 (PP)

Penalties :
Alex Barre-Boulet (Har) for Cross-checking (Minor) at 0:27, Michael Rasmussen (Spr) for Tripping (Minor) at 4:56, Henri Jokiharju (Spr) for Roughing (Minor) at 5:39, Paul Cotter (Spr) for Tripping (Minor) at 9:02, Ryan Culkin (Har) for Holding Stick (Minor) at 15:42, Matt Roy (Spr) for Roughing (Minor) at 18:31, Ryan Culkin (Har) for Holding (Minor) at 19:36

3rd period

10. Wolfpack , Yegor Korshkov 12 (Ryan Culkin 20, K'Andre Miller 12) at 12:56

Penalties :
Dylan Sikura (Spr) for Slashing (Minor) at 7:15, Yegor Korshkov (Har) for Tripping (Minor) at 15:31

Goalie Stats

Magnus Hellberg (Spr), 19 saves from 22 shots - (0.864), 41:58 minutes
Emil Larmi (Spr), 7 saves from 11 shots - (0.636), L, 20-18-2, 18:02 minutes
Dustin Wolf (Har), 26 saves from 29 shots - (0.897), W, 1-1-0, 60:00 minutes

Players Stats for Thunderbirds

Player Name              G  A  P  +/- PIM S  H  SB GA TA FO     MP     PP MP  PK MP  
------------------------------------------------------------------------------------
Alex Vlasic              0  1  1  -1  2   2  1  2  0  1  0/0    27:10   4:01   5:16 
Anthony Richard          0  0  0  -3  0   6  0  2  1  0  4/7    18:21   3:12   3:18 
Artturi Lehkonen         0  0  0  -1  0   0  2  0  0  0  0/1     8:08   0:00   0:22 
Dylan Blujus             1  0  1   0  2   3  1  1  1  4  0/0    20:39   0:25   3:11 
Dylan Sikura             0  0  0  -3  2   1  2  2  0  1  0/0    13:43   0:00   1:51 
Emil Bemstrom            0  0  0  -1  0   0  1  0  0  0  0/0    10:55   3:12   0:00 
Frederic Allard          0  0  0   0  0   0  1  2  0  0  0/0    13:42   0:00   3:58 
Henri Jokiharju          0  0  0  -1  2   2  3  1  2  1  0/0    24:23   3:01   4:47 
Joachim Blichfeld        1  0  1   1  0   5  0  3  0  0  1/1    18:07   3:50   0:00 
Matt Roy                 0  0  0  -1  2   1  2  2  0  1  0/0    19:55   2:36   1:57 
Michael Rasmussen        0  0  0  -3  2   1  2  0  0  0  0/0    16:25   3:47   0:05 
Paul Cotter              0  0  0   0  2   1  1  0  0  0  0/0     8:34   0:00   0:00 
Pierre Engvall           0  1  1   2  0   1  1  0  1  1  0/0    22:54   3:12   5:18 
Rasmus Kupari            0  0  0   0  0   1  1  0  0  0  2/3     8:56   0:00   0:12 
Rourke Chartier          0  1  1   1  0   1  4  0  0  0  19/43  19:01   3:50   0:00 
Sami Niku                0  0  0  -1  0   0  0  0  0  0  0/0    14:12   4:01   0:00 
Trent Frederic           1  1  2   0  0   1  1  2  1  0  6/11   13:07   0:03   5:27 
Trey Fix-Wolansky        0  0  0   0  0   3  0  0  1  0  0/1     9:56   0:00   1:21 

Players Stats for Wolfpack

Player Name              G  A  P  +/- PIM S  H  SB GA TA FO     MP     PP MP  PK MP  
------------------------------------------------------------------------------------
Alex Barre-Boulet        2  0  2   2  2   2  0  0  1  0  6/8    15:53   4:07   1:13 
Alexander Barabanov      0  1  1   2  0   2  3  0  0  1  1/1    18:23   4:07   2:56 
Andrei Altybarmakyan     0  0  0  -1  0   0  0  0  2  0  0/0     6:41   0:00   0:00 
Cale Fleury              0  0  0   0  0   0  2  0  0  1  0/0    12:01   0:00   1:19 
Colton White             1  1  2   0  0   4  0  1  0  2  0/0    27:16   5:10   3:42 
Derrick Pouliot          0  1  1   0  0   0  2  3  1  1  0/0    28:38   5:10   3:42 
Dryden Hunt              1  1  2  -2  0   5  2  0  1  1  2/2    24:45   5:28   3:59 
Jeffrey Viel             0  0  0  -1  0   0  0  0  0  0  0/0     7:55   0:00   0:51 
Joshua Jacobs            0  0  0   0  0   1  1  0  0  0  0/0    10:15   0:00   0:00 
K'Andre Miller           1  1  2   2  0   2  1  1  0  0  0/0    22:29   4:25   3:20 
Linus Sandin             0  1  1   3  0   0  1  0  0  1  1/1    10:04   0:00   0:00 
Mikhail Vorobyev         1  1  2   3  0   5  2  0  0  0  3/5    11:30   0:00   0:59 
Nolan Patrick            0  2  2  -2  0   4  1  2  1  0  19/43  24:45   5:28   3:59 
Owen Tippet              0  1  1   2  0   0  1  0  1  0  0/2    14:35   4:07   0:00 
Ryan Culkin              0  1  1   2  4   1  0  0  0  0  0/0    20:05   4:24   2:01 
Sebastian Collberg       0  2  2  -2  0   3  0  1  2  0  1/1    19:52   5:28   0:00 
Shane Pinto              0  0  0  -1  0   0  0  0  0  0  2/4     6:48   0:00   0:07 
Yegor Korshkov           1  0  1   3  2   4  2  2  0  0  0/0    10:05   0:00   0:00 

3 Stars

1 - Mikhail Vorobyev (Har)
2 - K'Andre Miller (Har)
3 - Alex Barre-Boulet (Har)

Power Play

Thunderbirds - 0 on 4 Attempt(s) - 0.00%
Wolfpack - 2 on 7 Attempt(s) - 28.57%

Penalty Kill

Thunderbirds - 5 on 7 Attempt(s) - 71.43% - Score 1 goal in Penalty Kill
Wolfpack - 4 on 4 Attempt(s) - 100.00% - Score 0 goal in Penalty Kill

Team Stat

Thunderbirds - Hits : 23 - Faceoff Wins : 32 - Blocked Shots : 17 - Penalty Minutes : 14
Wolfpack - Hits : 18 - Faceoff Wins : 35 - Blocked Shots : 10 - Penalty Minutes : 8

Official

Referees : Marc Joannette and Kelly Sutherland
Linesman : Tyson Baker and Andrew Smith

Game Notes

Magnus Hellberg enters game at 18:02 of 1st period
18:14 of 1st period - Thunderbirds goal is going for a video replay. After video review, Goal.
Colton White is injured at 17:38 of 3rd period (Right Foot)

Finance

Level 1 -- Attendance: 1724 (86.20%) -- Ticket Income $120,680
Level 2 -- Attendance: 842 (84.20%) -- Ticket Income $33,680
Total Attendance: 2566 (85.53%)
Total Ticket Income: $154,360
Other Income: $7,718
Total Income: $162,078

Thunderbirds

5 vs 5 Forward 
   Center                   Left Wing                Right Wing               Time % Phy DF OF 
 1 Rourke Chartier          Pierre Engvall           Joachim Blichfeld        40     1   2  2  
 2 Anthony Richard          Michael Rasmussen        Dylan Sikura             30     1   2  2  
 3 Trent Frederic           Artturi Lehkonen         Emil Bemstrom            20     1   2  2  
 4 Rasmus Kupari            Paul Cotter              Trey Fix-Wolansky        10     1   2  2  

5 vs 5 Defense 
   Defense                  Defense                                           Time % Phy DF OF 
 1 Alex Vlasic              Henri Jokiharju                                   40     1   2  2  
 2 Dylan Blujus             Matt Roy                                          30     1   2  2  
 3 Frederic Allard          Sami Niku                                         20     1   2  2  
 4 Alex Vlasic              Dylan Blujus                                      10     1   2  2  

PowerPlay Forward 
   Center                   Left Wing                Right Wing               Time % Phy DF OF 
 1 Rourke Chartier          Michael Rasmussen        Joachim Blichfeld        60     1   2  2  
 2 Anthony Richard          Pierre Engvall           Emil Bemstrom            40     1   2  2  

PowerPlay Defense
   Defense                  Defense                                           Time % Phy DF OF 
 1 Sami Niku                Alex Vlasic                                       60     1   2  2  
 2 Matt Roy                 Henri Jokiharju                                   40     1   2  2  

Penalty Kill 4 Players Forward 
   Center                   Wing                     Time % Phy DF OF 
 1 Trent Frederic           Pierre Engvall           60     1   2  2  
 2 Anthony Richard          Dylan Sikura             40     1   2  2  

Penalty Kill 4 Players Defense
   Defense                  Defense                  Time % Phy DF OF 
 1 Henri Jokiharju          Alex Vlasic              60     1   2  2  
 2 Dylan Blujus             Frederic Allard          40     1   2  2  

Penalty Kill - 3 Players Forward 
   Forward                                           Time % Phy DF OF 
 1 Trent Frederic                                    60     1   2  2  
 2 Anthony Richard                                   40     1   2  2  

Penalty Kill - 3 Players Defense
   Defense                  Defense                  Time % Phy DF OF 
 1 Dylan Blujus             Henri Jokiharju          60     1   2  2  
 2 Alex Vlasic              Frederic Allard          40     1   2  2  

4 vs 4 Forward 
   Center                   Wing                     Time % Phy DF OF 
 1 Rourke Chartier          Michael Rasmussen        60     1   2  2  
 2 Anthony Richard          Pierre Engvall           40     1   2  2  

4 vs 4 Defense
   Defense                  Defense                  Time % Phy DF OF 
 1 Henri Jokiharju          Dylan Blujus             60     1   2  2  
 2 Matt Roy                 Alex Vlasic              40     1   2  2  

Last Minutes Offensive
   Center                   Left Wing                Right Wing               Defense                  Defense                  
   Rourke Chartier          Pierre Engvall           Joachim Blichfeld        Alex Vlasic              Sami Niku                

Last Minutes Defensive
   Center                   Left Wing                Right Wing               Defense                  Defense                  
   Trent Frederic           Artturi Lehkonen         Pierre Engvall           Henri Jokiharju          Frederic Allard          

Goaltenders
Starting : Emil Larmi               
Backup : Magnus Hellberg          

Extra Forwards
Normal : Rasmus Kupari, Dylan Sikura, Trey Fix-Wolansky - PP : Trent Frederic, Artturi Lehkonen - PK : Trey Fix-Wolansky
Extra Defensemen
Normal : Frederic Allard, Sami Niku, Alex Vlasic - PP : Sami Niku - PK : Frederic Allard, Dylan Blujus
Penalty Shots
Rourke Chartier, Anthony Richard, Joachim Blichfeld, Trey Fix-Wolansky, Rasmus Kupari
Custom OT Lines Forwards
Rourke Chartier, Pierre Engvall, Dylan Sikura, Joachim Blichfeld, Anthony Richard, Trent Frederic, Artturi Lehkonen, Michael Rasmussen, Emil Bemstrom, Paul Cotter
Custom OT Lines Defensemen
Alex Vlasic, Henri Jokiharju, Dylan Blujus, Frederic Allard, Matt Roy

Scratches
Nathan Smith (Healthy), Jeremy Lauzon (Left Forearm Injury), Calen Addison (Sprained Left Ankle Injury), Jakob Pelletier (Healthy), Rafael Harvey-Pinard (Healthy)
Nicholas Robertson (Healthy), Arturs Silovs (Healthy)

Wolfpack

5 vs 5 Forward 
   Center                   Left Wing                Right Wing               Time % Phy DF OF 
 1 Nolan Patrick            Dryden Hunt              Sebastian Collberg       40     1   2  2  
 2 Alex Barre-Boulet        Alexander Barabanov      Owen Tippet              30     1   2  2  
 3 Mikhail Vorobyev         Yegor Korshkov           Linus Sandin             20     1   2  2  
 4 Shane Pinto              Jeffrey Viel             Andrei Altybarmakyan     10     1   2  2  

5 vs 5 Defense 
   Defense                  Defense                                           Time % Phy DF OF 
 1 Derrick Pouliot          Colton White                                      40     1   2  2  
 2 Ryan Culkin              K'Andre Miller                                    30     1   2  2  
 3 Cale Fleury              Joshua Jacobs                                     20     1   2  2  
 4 Derrick Pouliot          Colton White                                      10     1   2  2  

PowerPlay Forward 
   Center                   Left Wing                Right Wing               Time % Phy DF OF 
 1 Nolan Patrick            Dryden Hunt              Sebastian Collberg       60     1   2  2  
 2 Alex Barre-Boulet        Alexander Barabanov      Owen Tippet              40     1   2  2  

PowerPlay Defense
   Defense                  Defense                                           Time % Phy DF OF 
 1 Derrick Pouliot          Colton White                                      60     1   2  2  
 2 Ryan Culkin              K'Andre Miller                                    40     1   2  2  

Penalty Kill 4 Players Forward 
   Center                   Wing                     Time % Phy DF OF 
 1 Nolan Patrick            Dryden Hunt              60     1   2  2  
 2 Alex Barre-Boulet        Alexander Barabanov      40     1   2  2  

Penalty Kill 4 Players Defense
   Defense                  Defense                  Time % Phy DF OF 
 1 Derrick Pouliot          Colton White             60     1   2  2  
 2 Ryan Culkin              K'Andre Miller           40     1   2  2  

Penalty Kill - 3 Players Forward 
   Forward                                           Time % Phy DF OF 
 1 Nolan Patrick                                     60     1   2  2  
 2 Alex Barre-Boulet                                 40     1   2  2  

Penalty Kill - 3 Players Defense
   Defense                  Defense                  Time % Phy DF OF 
 1 Derrick Pouliot          Colton White             60     1   2  2  
 2 Ryan Culkin              K'Andre Miller           40     1   2  2  

4 vs 4 Forward 
   Center                   Wing                     Time % Phy DF OF 
 1 Nolan Patrick            Dryden Hunt              60     1   2  2  
 2 Alex Barre-Boulet        Alexander Barabanov      40     1   2  2  

4 vs 4 Defense
   Defense                  Defense                  Time % Phy DF OF 
 1 Derrick Pouliot          Colton White             60     1   2  2  
 2 Ryan Culkin              K'Andre Miller           40     1   2  2  

Last Minutes Offensive
   Center                   Left Wing                Right Wing               Defense                  Defense                  
   Nolan Patrick            Dryden Hunt              Sebastian Collberg       Derrick Pouliot          Colton White             

Last Minutes Defensive
   Center                   Left Wing                Right Wing               Defense                  Defense                  
   Nolan Patrick            Dryden Hunt              Sebastian Collberg       Derrick Pouliot          Colton White             

Goaltenders
Starting : Dustin Wolf              
Backup : Charlie Lindgren         

Extra Forwards
Normal : Alexander Barabanov, Alex Barre-Boulet, Linus Sandin - PP : Alexander Barabanov, Alex Barre-Boulet - PK : Alexander Barabanov
Extra Defensemen
Normal : K'Andre Miller, Cale Fleury, Joshua Jacobs - PP : K'Andre Miller - PK : K'Andre Miller, Cale Fleury
Penalty Shots
Sebastian Collberg, Nolan Patrick, Owen Tippet, Dryden Hunt, Alexander Barabanov
Custom OT Lines Forwards
Sebastian Collberg, Nolan Patrick, Owen Tippet, Dryden Hunt, Alexander Barabanov, Alex Barre-Boulet, Linus Sandin, Andrei Altybarmakyan, Mikhail Vorobyev, Yegor Korshkov
Custom OT Lines Defensemen
Derrick Pouliot, Colton White, Ryan Culkin, K'Andre Miller, Cale Fleury

Scratches
Ryan Poehling (Healthy), Mason Shaw (Healthy), Ben Jones (Healthy), Samuel Houde (Healthy), Jake Marchment (Healthy)
Dylan Samberg (Healthy), Andrew Peeke (Healthy), Dante Fabbro (Healthy), Alexander Volkov (Healthy), Jack Drury (Healthy)
Jakub Lauko (Broken Right Foot Toe Injury), Martin Kaut (Healthy), Mathias Laferriere (Healthy), Maxwell Crozier (Healthy), Will Francis (Healthy)
Samuel Ersson (Healthy)

% Time on Ice - Thunderbirds

Lines # - Real PCT - Wanted PCT - Time Play
Normal Forward
1 - 34% - 40% - 14:27
2 - 28% - 30% - 11:50
3 - 18% - 20% - 7:37
4 - 20% - 10% - 8:35
Normal Defense
1 - 39% - 40% - 16:33
2 - 35% - 30% - 15:00
3 - 23% - 20% - 9:35
4 - 3% - 10% - 1:21
PP Forward
1 - 55% - 60% - 3:50
2 - 45% - 40% - 3:12
PP Defense
1 - 63% - 60% - 4:26
2 - 37% - 40% - 2:36
PK Forward
1 - 69% - 60% - 5:45
2 - 31% - 40% - 2:34
PK Defense
1 - 61% - 60% - 5:06
2 - 39% - 40% - 3:13
PK3 Forward
1 - 79% - 60% - 1:00
2 - 21% - 40% - 0:16
PK3 Defense
1 - 87% - 60% - 1:06
2 - 13% - 40% - 0:10
44 Forward
1 - 100% - 60% - 0:54
2 - 0% - 40% - 0:00
44 Defense
1 - 100% - 60% - 0:54
2 - 0% - 40% - 0:00
Last Minute Offensive  - 0:00
Last Minute Defensive  - 0:00
Total
Forward - 60:00
Defense - 60:00

% Time on Ice - Wolfpack

Lines # - Real PCT - Wanted PCT - Time Play
Normal Forward
1 - 36% - 40% - 15:14
2 - 25% - 30% - 10:30
3 - 24% - 20% - 10:04
4 - 16% - 10% - 6:41
Normal Defense
1 - 42% - 40% - 17:52
2 - 31% - 30% - 13:22
3 - 24% - 20% - 10:15
4 - 2% - 10% - 1:00
PP Forward
1 - 57% - 60% - 5:28
2 - 43% - 40% - 4:07
PP Defense
1 - 54% - 60% - 5:10
2 - 46% - 40% - 4:25
PK Forward
1 - 73% - 60% - 5:07
2 - 27% - 40% - 1:55
PK Defense
1 - 53% - 60% - 3:42
2 - 47% - 40% - 3:20
PK3 Forward
1 - 0% - 60%
2 - 0% - 40%
PK3 Defense
1 - 0% - 60%
2 - 0% - 40%
44 Forward
1 - 100% - 60% - 0:54
2 - 0% - 40% - 0:00
44 Defense
1 - 100% - 60% - 0:54
2 - 0% - 40% - 0:00
Last Minute Offensive  - 0:00
Last Minute Defensive  - 0:00
Total
Forward - 60:00
Defense - 60:00

Play-by-Play

1st period


0:01 of 1st period - Nolan Patrick wins face-off versus Rourke Chartier in neutral zone.
0:04 of 1st period - Pierre Engvall is hit by Derrick Pouliot and loses puck.
1:46 of 1st period - Minor Penalty to Dylan Blujus for Unsportsmanlike conduct.
1:47 of 1st period - Trent Frederic wins face-off versus Nolan Patrick in Thunderbirds zone.
1:47 of 1st period - Trent Frederic is hit by Dryden Hunt.
2:01 of 1st period - Backhand shot by Trent Frederic.
2:01 of 1st period - Goal by Trent Frederic - Thunderbirds : 1 - Wolfpack : 0.
2:02 of 1st period - Trent Frederic wins face-off versus Nolan Patrick in neutral zone.
3:46 of 1st period - Penalty to Dylan Blujus is over, Dylan Blujus is back on ice.
5:14 of 1st period - Off-side.
5:15 of 1st period - Alex Barre-Boulet wins face-off versus Trent Frederic in neutral zone.
5:18 of 1st period - Matt Roy is hit by Alexander Barabanov and loses puck.
5:47 of 1st period - Snap shot by Sebastian Collberg.
5:47 of 1st period - Stopped by Emil Larmi without a rebound.
5:48 of 1st period - Anthony Richard wins face-off versus Nolan Patrick in Thunderbirds zone.
5:57 of 1st period - Slapshot by Anthony Richard.
5:57 of 1st period - Stopped by Dustin Wolf with a rebound.
6:20 of 1st period - Snap shot by Alexander Barabanov.
6:20 of 1st period - Stopped by Emil Larmi without a rebound.
6:21 of 1st period - Rourke Chartier wins face-off versus Nolan Patrick in Thunderbirds zone.
7:15 of 1st period - Snap shot by Emil Bemstrom.
7:15 of 1st period - Shot Misses the Net.
7:25 of 1st period - Cale Fleury is hit by Dylan Blujus and loses puck.
8:26 of 1st period - Snap shot by Alex Barre-Boulet.
8:26 of 1st period - Shot Misses the Net.
8:36 of 1st period - Colton White is hit by Rourke Chartier and loses puck.
8:56 of 1st period - Henri Jokiharju is hit by Mikhail Vorobyev and loses puck.
9:13 of 1st period - Colton White is hit by Rasmus Kupari and loses puck.
9:20 of 1st period - Snap shot by Rasmus Kupari.
9:20 of 1st period - Stopped by Dustin Wolf with a rebound.
10:15 of 1st period - Wrist shot by Rourke Chartier.
10:15 of 1st period - Shot Misses the Net.
10:41 of 1st period - Wrist shot by Dylan Sikura.
10:41 of 1st period - Deflect By Anthony Richard.
10:41 of 1st period - Stopped by Dustin Wolf with a rebound.
10:43 of 1st period - Snap shot by Dylan Sikura.
10:43 of 1st period - Stopped by Dustin Wolf with a rebound.
10:57 of 1st period - Snap shot by Nolan Patrick.
10:57 of 1st period - Shot Blocked by Frederic Allard.
10:59 of 1st period - Backhand shot by Dryden Hunt.
10:59 of 1st period - Shot Misses the Net.
11:01 of 1st period - Snap shot by Sebastian Collberg.
11:01 of 1st period - Deflect By Nolan Patrick.
11:01 of 1st period - Stopped by Emil Larmi with a rebound.
11:03 of 1st period - Slapshot by Sebastian Collberg.
11:03 of 1st period - Stopped by Emil Larmi with a rebound.
11:19 of 1st period - Snap shot by Owen Tippet.
11:19 of 1st period - Shot Blocked by Frederic Allard.
11:33 of 1st period - Joachim Blichfeld is hit by Yegor Korshkov and loses puck.
12:21 of 1st period - Artturi Lehkonen is hit by Joshua Jacobs and loses puck.
12:36 of 1st period - Wrist shot by Joachim Blichfeld.
12:36 of 1st period - Goal by Joachim Blichfeld - Thunderbirds : 2 - Wolfpack : 0.
12:37 of 1st period - Rourke Chartier wins face-off versus Nolan Patrick in neutral zone.
12:40 of 1st period - Slapshot by Dylan Blujus.
12:40 of 1st period - Stopped by Dustin Wolf without a rebound.
12:41 of 1st period - Rourke Chartier wins face-off versus Nolan Patrick in Wolfpack zone.
13:08 of 1st period - Slapshot by Derrick Pouliot.
13:08 of 1st period - Shot Blocked by Matt Roy.
13:32 of 1st period - Snap shot by Mikhail Vorobyev.
13:32 of 1st period - Goal by Mikhail Vorobyev - Thunderbirds : 2 - Wolfpack : 1.
13:33 of 1st period - Nolan Patrick wins face-off versus Rourke Chartier in neutral zone.
13:42 of 1st period - Wrist shot by Sebastian Collberg.
13:42 of 1st period - Shot Misses the Net.
13:48 of 1st period - Dylan Blujus is hit by Dryden Hunt.
14:20 of 1st period - Michael Rasmussen is hit by Linus Sandin and loses puck.
14:35 of 1st period - Wrist shot by Mikhail Vorobyev.
14:35 of 1st period - Stopped by Emil Larmi with a rebound.
14:37 of 1st period - Slapshot by Yegor Korshkov.
14:37 of 1st period - Stopped by Emil Larmi with a rebound.
14:43 of 1st period - Snap shot by Linus Sandin.
14:43 of 1st period - Shot Blocked by Dylan Sikura.
14:45 of 1st period - Wrist shot by Linus Sandin.
14:45 of 1st period - Shot Misses the Net.
14:57 of 1st period - Snap shot by Linus Sandin.
14:57 of 1st period - Shot Misses the Net.
14:59 of 1st period - Wrist shot by Mikhail Vorobyev.
14:59 of 1st period - Shot Blocked by Anthony Richard.
15:01 of 1st period - Slapshot by K'Andre Miller.
15:01 of 1st period - Goal by K'Andre Miller - Thunderbirds : 2 - Wolfpack : 2.
15:02 of 1st period - Dryden Hunt wins face-off versus Rourke Chartier in neutral zone.
15:16 of 1st period - Backhand shot by Dryden Hunt.
15:16 of 1st period - Stopped by Emil Larmi without a rebound.
15:17 of 1st period - Alex Barre-Boulet wins face-off versus Rourke Chartier in Thunderbirds zone.
15:28 of 1st period - Snap shot by Alex Barre-Boulet.
15:28 of 1st period - Goal by Alex Barre-Boulet - Thunderbirds : 2 - Wolfpack : 3.
15:29 of 1st period - Rourke Chartier wins face-off versus Nolan Patrick in neutral zone.
15:54 of 1st period - Owen Tippet is hit by Henri Jokiharju and loses puck.
16:25 of 1st period - Snap shot by Andrei Altybarmakyan.
16:25 of 1st period - Shot Blocked by Dylan Sikura.
16:35 of 1st period - Snap shot by Sebastian Collberg.
16:35 of 1st period - Shot Hit the Post.
16:45 of 1st period - Backhand shot by Joachim Blichfeld.
16:45 of 1st period - Stopped by Dustin Wolf without a rebound.
16:46 of 1st period - Alex Barre-Boulet wins face-off versus Rourke Chartier in Wolfpack zone.
17:11 of 1st period - Sebastian Collberg is hit by Artturi Lehkonen and loses puck.
17:40 of 1st period - Icing by Linus Sandin.
17:41 of 1st period - Mikhail Vorobyev wins face-off versus Rourke Chartier in Wolfpack zone.
17:50 of 1st period - Wrist shot by Yegor Korshkov.
17:50 of 1st period - Shot Blocked by Henri Jokiharju.
17:52 of 1st period - Minor Penalty to Alex Vlasic for Cross-checking.
17:53 of 1st period - Trent Frederic wins face-off versus Nolan Patrick in Thunderbirds zone.
18:02 of 1st period - Snap shot by Colton White.
18:02 of 1st period - Goal by Colton White - Thunderbirds : 2 - Wolfpack : 4.
18:02 of 1st period - Magnus Hellberg enters game.
18:03 of 1st period - Rourke Chartier wins face-off versus Nolan Patrick in neutral zone.
18:06 of 1st period - Snap shot by Dylan Blujus.
18:06 of 1st period - Shot Blocked by Sebastian Collberg.
18:08 of 1st period - Slapshot by Alex Vlasic.
18:08 of 1st period - Shot Blocked by Derrick Pouliot.
18:10 of 1st period - Wrist shot by Dylan Blujus.
18:10 of 1st period - Stopped by Dustin Wolf with a rebound.
18:12 of 1st period - Slapshot by Alex Vlasic.
18:12 of 1st period - Stopped by Dustin Wolf with a rebound.
18:14 of 1st period - Backhand shot by Dylan Blujus.
18:14 of 1st period - Thunderbirds goal is going for a video replay.
18:14 of 1st period - The goal is good.
18:14 of 1st period - Goal by Dylan Blujus - Thunderbirds : 3 - Wolfpack : 4.
18:15 of 1st period - Joachim Blichfeld wins face-off versus Nolan Patrick in neutral zone.
18:44 of 1st period - Wrist shot by Alex Barre-Boulet.
18:44 of 1st period - Goal by Alex Barre-Boulet - Thunderbirds : 3 - Wolfpack : 5.
18:45 of 1st period - Nolan Patrick wins face-off versus Rourke Chartier in neutral zone.
18:48 of 1st period - Backhand shot by Colton White.
18:48 of 1st period - Deflect By Sebastian Collberg.
18:48 of 1st period - Shot Blocked by Joachim Blichfeld.
18:48 of 1st period - Puck is out of play.
18:49 of 1st period - Nolan Patrick wins face-off versus Rourke Chartier in Thunderbirds zone.
18:53 of 1st period - Icing by Dylan Blujus.
18:54 of 1st period - Nolan Patrick wins face-off versus Rourke Chartier in Thunderbirds zone.
18:55 of 1st period - Slapshot by Sebastian Collberg.
18:55 of 1st period - Shot Misses the Net.
19:03 of 1st period - Sebastian Collberg is hit by Rourke Chartier and loses puck.
19:09 of 1st period - Icing by Derrick Pouliot.
19:10 of 1st period - Anthony Richard wins face-off versus Nolan Patrick in Wolfpack zone.
Goals for this period are 3 for Thunderbirds vs 5 for Wolfpack.
Shots for this period are 11 for Thunderbirds vs 12 for Wolfpack.

2nd period


0:01 of 2nd period - Rourke Chartier wins face-off versus Owen Tippet in neutral zone.
0:04 of 2nd period - Snap shot by Joachim Blichfeld.
0:04 of 2nd period - Stopped by Dustin Wolf without a rebound.
0:05 of 2nd period - Rourke Chartier wins face-off versus Alex Barre-Boulet in Wolfpack zone.
0:12 of 2nd period - Backhand shot by Pierre Engvall.
0:12 of 2nd period - Stopped by Dustin Wolf without a rebound.
0:13 of 2nd period - Alex Barre-Boulet wins face-off versus Rourke Chartier in Wolfpack zone.
0:17 of 2nd period - Off-side.
0:18 of 2nd period - Rourke Chartier wins face-off versus Owen Tippet in neutral zone.
0:21 of 2nd period - Alex Barre-Boulet is hit by Rourke Chartier and loses puck.
0:27 of 2nd period - Minor Penalty to Alex Barre-Boulet for Cross-checking.
0:28 of 2nd period - Rourke Chartier wins face-off versus Nolan Patrick in Wolfpack zone.
2:27 of 2nd period - Penalty to Alex Barre-Boulet is over, Alex Barre-Boulet is back on ice.
2:41 of 2nd period - Jeffrey Viel is hit by Alex Vlasic and loses puck.
2:46 of 2nd period - Slapshot by Trey Fix-Wolansky.
2:46 of 2nd period - Deflect By Paul Cotter.
2:46 of 2nd period - Shot Misses the Net.
2:46 of 2nd period - Puck is out of play.
2:47 of 2nd period - Rasmus Kupari wins face-off versus Shane Pinto in Wolfpack zone.
2:50 of 2nd period - Snap shot by Trey Fix-Wolansky.
2:50 of 2nd period - Deflect By Paul Cotter.
2:50 of 2nd period - Shot Misses the Net.
2:50 of 2nd period - Puck is out of play.
2:51 of 2nd period - Rasmus Kupari wins face-off versus Shane Pinto in Wolfpack zone.
2:54 of 2nd period - Slapshot by Trey Fix-Wolansky.
2:54 of 2nd period - Stopped by Dustin Wolf without a rebound.
2:55 of 2nd period - Shane Pinto wins face-off versus Rasmus Kupari in Wolfpack zone.
3:36 of 2nd period - Backhand shot by Colton White.
3:36 of 2nd period - Stopped by Magnus Hellberg with a rebound.
3:53 of 2nd period - Snap shot by Trey Fix-Wolansky.
3:53 of 2nd period - Stopped by Dustin Wolf with a rebound.
3:55 of 2nd period - Snap shot by Rasmus Kupari.
3:55 of 2nd period - Shot Blocked by Derrick Pouliot.
3:57 of 2nd period - Snap shot by Trey Fix-Wolansky.
3:57 of 2nd period - Stopped by Dustin Wolf without a rebound.
3:58 of 2nd period - Rourke Chartier wins face-off versus Nolan Patrick in Wolfpack zone.
4:01 of 2nd period - Snap shot by Rourke Chartier.
4:01 of 2nd period - Shot Blocked by K'Andre Miller.
4:56 of 2nd period - Minor Penalty to Michael Rasmussen for Tripping.
4:57 of 2nd period - Nolan Patrick wins face-off versus Trent Frederic in Thunderbirds zone.
5:39 of 2nd period - Minor Penalty to Henri Jokiharju for Roughing.
5:40 of 2nd period - Nolan Patrick wins face-off versus Trent Frederic in Thunderbirds zone.
5:47 of 2nd period - Snap shot by Nolan Patrick.
5:47 of 2nd period - Stopped by Magnus Hellberg with a rebound.
5:49 of 2nd period - Slapshot by Dryden Hunt.
5:49 of 2nd period - Stopped by Magnus Hellberg with a rebound.
6:31 of 2nd period - Ryan Culkin is hit by Matt Roy and loses puck.
6:56 of 2nd period - Penalty to Michael Rasmussen is over, Michael Rasmussen is back on ice.
7:39 of 2nd period - Penalty to Henri Jokiharju is over, Henri Jokiharju is back on ice.
7:56 of 2nd period - Snap shot by Yegor Korshkov.
7:56 of 2nd period - Shot Misses the Net.
7:59 of 2nd period - Icing by Sami Niku.
8:00 of 2nd period - Shane Pinto wins face-off versus Trey Fix-Wolansky in Thunderbirds zone.
8:01 of 2nd period - Wrist shot by Andrei Altybarmakyan.
8:01 of 2nd period - Shot Misses the Net.
8:47 of 2nd period - Slapshot by Trey Fix-Wolansky.
8:47 of 2nd period - Shot Blocked by Nolan Patrick.
8:49 of 2nd period - Wrist shot by Paul Cotter.
8:49 of 2nd period - Shot Misses the Net.
9:02 of 2nd period - Minor Penalty to Paul Cotter for Tripping.
9:03 of 2nd period - Trent Frederic wins face-off versus Nolan Patrick in Thunderbirds zone.
9:48 of 2nd period - Pierre Engvall is hit by Alexander Barabanov and loses puck.
9:59 of 2nd period - Derrick Pouliot is hit by Dylan Sikura and loses puck.
10:03 of 2nd period - Icing by Sebastian Collberg.
10:04 of 2nd period - Nolan Patrick wins face-off versus Anthony Richard in Wolfpack zone.
10:42 of 2nd period - Wrist shot by Dryden Hunt.
10:42 of 2nd period - Goal by Dryden Hunt - Thunderbirds : 3 - Wolfpack : 6.
10:43 of 2nd period - Alex Barre-Boulet wins face-off versus Rourke Chartier in neutral zone.
10:48 of 2nd period - Snap shot by Alexander Barabanov.
10:48 of 2nd period - Shot Misses the Net.
11:08 of 2nd period - Derrick Pouliot is hit by Dylan Sikura and loses puck.
11:17 of 2nd period - Slapshot by Ryan Culkin.
11:17 of 2nd period - Stopped by Magnus Hellberg without a rebound.
11:18 of 2nd period - Nolan Patrick wins face-off versus Rourke Chartier in Thunderbirds zone.
11:21 of 2nd period - Snap shot by Sebastian Collberg.
11:21 of 2nd period - Shot Blocked by Joachim Blichfeld.
11:23 of 2nd period - Slapshot by Ryan Culkin.
11:23 of 2nd period - Shot Blocked by Matt Roy.
11:31 of 2nd period - Snap shot by Sebastian Collberg.
11:31 of 2nd period - Shot Blocked by Joachim Blichfeld.
11:45 of 2nd period - Alexander Barabanov is hit by Trent Frederic and loses puck.
12:54 of 2nd period - Wrist shot by Joachim Blichfeld.
12:54 of 2nd period - Stopped by Dustin Wolf with a rebound.
12:56 of 2nd period - Slapshot by Henri Jokiharju.
12:56 of 2nd period - Shot Misses the Net.
12:58 of 2nd period - Slapshot by Henri Jokiharju.
12:58 of 2nd period - Deflect By Nolan Patrick.
12:58 of 2nd period - Stopped by Dustin Wolf without a rebound.
12:59 of 2nd period - Rourke Chartier wins face-off versus Nolan Patrick in Wolfpack zone.
13:12 of 2nd period - Wrist shot by Sebastian Collberg.
13:12 of 2nd period - Shot Misses the Net.
13:24 of 2nd period - K'Andre Miller is hit by Michael Rasmussen and loses puck.
14:10 of 2nd period - Off-side.
14:11 of 2nd period - Trent Frederic wins face-off versus Nolan Patrick in neutral zone.
14:14 of 2nd period - Dryden Hunt is hit by Artturi Lehkonen and loses puck.
14:36 of 2nd period - Pierre Engvall is hit by Derrick Pouliot and loses puck.
14:43 of 2nd period - Wrist shot by Yegor Korshkov.
14:43 of 2nd period - Stopped by Magnus Hellberg with a rebound.
14:45 of 2nd period - Snap shot by Mikhail Vorobyev.
14:45 of 2nd period - Stopped by Magnus Hellberg with a rebound.
14:47 of 2nd period - Wrist shot by Linus Sandin.
14:47 of 2nd period - Shot Misses the Net.
15:31 of 2nd period - Icing by Trent Frederic.
15:32 of 2nd period - Mikhail Vorobyev wins face-off versus Artturi Lehkonen in Thunderbirds zone.
15:42 of 2nd period - Minor Penalty to Ryan Culkin for Holding Stick.
15:43 of 2nd period - Nolan Patrick wins face-off versus Rourke Chartier in Wolfpack zone.
15:55 of 2nd period - Slapshot by Joachim Blichfeld.
15:55 of 2nd period - Stopped by Dustin Wolf without a rebound.
15:56 of 2nd period - Rourke Chartier wins face-off versus Nolan Patrick in Wolfpack zone.
16:09 of 2nd period - Snap shot by Joachim Blichfeld.
16:09 of 2nd period - Shot Misses the Net.
16:11 of 2nd period - Wrist shot by Alex Vlasic.
16:11 of 2nd period - Stopped by Dustin Wolf with a rebound.
16:13 of 2nd period - Slapshot by Michael Rasmussen.
16:13 of 2nd period - Shot Misses the Net.
16:28 of 2nd period - Slapshot by K'Andre Miller.
16:28 of 2nd period - Shot Blocked by Anthony Richard.
16:52 of 2nd period - Michael Rasmussen is hit by Cale Fleury.
17:02 of 2nd period - Slapshot by Jeffrey Viel.
17:02 of 2nd period - Deflect By Alexander Barabanov.
17:02 of 2nd period - Stopped by Magnus Hellberg without a rebound.
17:03 of 2nd period - Alexander Barabanov wins face-off versus Rourke Chartier in Thunderbirds zone.
17:42 of 2nd period - Penalty to Ryan Culkin is over, Ryan Culkin is back on ice.
18:08 of 2nd period - Slapshot by K'Andre Miller.
18:08 of 2nd period - Deflect By Linus Sandin.
18:08 of 2nd period - Shot Misses the Net.
18:08 of 2nd period - Puck is out of play.
18:09 of 2nd period - Trent Frederic wins face-off versus Mikhail Vorobyev in Thunderbirds zone.
18:16 of 2nd period - Emil Bemstrom is hit by Yegor Korshkov and loses puck.
18:25 of 2nd period - Wrist shot by Linus Sandin.
18:25 of 2nd period - Shot Misses the Net.
18:31 of 2nd period - Minor Penalty to Matt Roy for Roughing.
18:32 of 2nd period - Nolan Patrick wins face-off versus Trent Frederic in Thunderbirds zone.
18:48 of 2nd period - Snap shot by Sebastian Collberg.
18:48 of 2nd period - Shot Blocked by Trent Frederic.
19:36 of 2nd period - Minor Penalty to Ryan Culkin for Holding.
19:37 of 2nd period - Nolan Patrick wins face-off versus Rourke Chartier in Wolfpack zone.
19:54 of 2nd period - Off-side.
19:55 of 2nd period - Rourke Chartier wins face-off versus Nolan Patrick in neutral zone.
Goals for this period are 0 for Thunderbirds vs 1 for Wolfpack.
Shots for this period are 9 for Thunderbirds vs 8 for Wolfpack.

3rd period


0:01 of 3rd period - Nolan Patrick wins face-off versus Rourke Chartier in neutral zone.
0:08 of 3rd period - Wrist shot by Dryden Hunt.
0:08 of 3rd period - Stopped by Magnus Hellberg with a rebound.
0:10 of 3rd period - Snap shot by Nolan Patrick.
0:10 of 3rd period - Stopped by Magnus Hellberg without a rebound.
0:11 of 3rd period - Rourke Chartier wins face-off versus Nolan Patrick in Thunderbirds zone.
0:16 of 3rd period - Slapshot by Henri Jokiharju.
0:16 of 3rd period - Shot Misses the Net.
0:24 of 3rd period - Wrist shot by Dryden Hunt.
0:24 of 3rd period - Shot Misses the Net.
0:26 of 3rd period - Snap shot by Colton White.
0:26 of 3rd period - Shot Blocked by Dylan Blujus.
0:31 of 3rd period - Penalty to Matt Roy is over, Matt Roy is back on ice.
0:46 of 3rd period - Snap shot by Pierre Engvall.
0:46 of 3rd period - Shot Misses the Net.
1:28 of 3rd period - Michael Rasmussen is hit by Mikhail Vorobyev and loses puck.
1:36 of 3rd period - Penalty to Ryan Culkin is over, Ryan Culkin is back on ice.
1:41 of 3rd period - Colton White is hit by Henri Jokiharju and loses puck.
2:52 of 3rd period - Backhand shot by Joshua Jacobs.
2:52 of 3rd period - Shot Blocked by Alex Vlasic.
2:58 of 3rd period - Jeffrey Viel is hit by Paul Cotter and loses puck.
3:33 of 3rd period - Emil Bemstrom is hit by Owen Tippet and loses puck.
4:15 of 3rd period - Wrist shot by Andrei Altybarmakyan.
4:15 of 3rd period - Shot Misses the Net.
5:39 of 3rd period - Colton White is hit by Pierre Engvall and loses puck.
5:50 of 3rd period - Matt Roy is hit by Nolan Patrick.
6:37 of 3rd period - Snap shot by Andrei Altybarmakyan.
6:37 of 3rd period - Deflect By Shane Pinto.
6:37 of 3rd period - Shot Blocked by Trent Frederic.
6:37 of 3rd period - Puck is out of play.
6:38 of 3rd period - Mikhail Vorobyev wins face-off versus Rourke Chartier in Thunderbirds zone.
6:53 of 3rd period - Slapshot by Joshua Jacobs.
6:53 of 3rd period - Stopped by Magnus Hellberg without a rebound.
6:54 of 3rd period - Anthony Richard wins face-off versus Nolan Patrick in Thunderbirds zone.
7:07 of 3rd period - Slapshot by Sebastian Collberg.
7:07 of 3rd period - Shot Misses the Net.
7:09 of 3rd period - Wrist shot by Nolan Patrick.
7:09 of 3rd period - Shot Misses the Net.
7:15 of 3rd period - Minor Penalty to Dylan Sikura for Slashing.
7:16 of 3rd period - Sebastian Collberg wins face-off versus Trent Frederic in Thunderbirds zone.
7:25 of 3rd period - Snap shot by Nolan Patrick.
7:25 of 3rd period - Shot Misses the Net.
7:27 of 3rd period - Snap shot by Sebastian Collberg.
7:27 of 3rd period - Shot Misses the Net.
9:15 of 3rd period - Penalty to Dylan Sikura is over, Dylan Sikura is back on ice.
9:21 of 3rd period - Snap shot by Mikhail Vorobyev.
9:21 of 3rd period - Stopped by Magnus Hellberg with a rebound.
9:23 of 3rd period - Slapshot by K'Andre Miller.
9:23 of 3rd period - Stopped by Magnus Hellberg without a rebound.
9:24 of 3rd period - Linus Sandin wins face-off versus Rourke Chartier in Thunderbirds zone.
9:25 of 3rd period - Snap shot by Yegor Korshkov.
9:25 of 3rd period - Shot Blocked by Alex Vlasic.
9:27 of 3rd period - Slapshot by Yegor Korshkov.
9:27 of 3rd period - Stopped by Magnus Hellberg without a rebound.
9:28 of 3rd period - Rourke Chartier wins face-off versus Mikhail Vorobyev in Thunderbirds zone.
9:52 of 3rd period - Icing by Anthony Richard.
9:53 of 3rd period - Anthony Richard wins face-off versus Alex Barre-Boulet in Thunderbirds zone.
10:00 of 3rd period - Snap shot by Anthony Richard.
10:00 of 3rd period - Stopped by Dustin Wolf without a rebound.
10:01 of 3rd period - Rourke Chartier wins face-off versus Nolan Patrick in Wolfpack zone.
10:26 of 3rd period - Slapshot by Colton White.
10:26 of 3rd period - Stopped by Magnus Hellberg with a rebound.
10:32 of 3rd period - Wrist shot by Michael Rasmussen.
10:32 of 3rd period - Shot Misses the Net.
10:34 of 3rd period - Snap shot by Anthony Richard.
10:34 of 3rd period - Stopped by Dustin Wolf with a rebound.
10:36 of 3rd period - Slapshot by Henri Jokiharju.
10:36 of 3rd period - Shot Blocked by Derrick Pouliot.
10:38 of 3rd period - Snap shot by Anthony Richard.
10:38 of 3rd period - Stopped by Dustin Wolf without a rebound.
10:39 of 3rd period - Rourke Chartier wins face-off versus Nolan Patrick in Wolfpack zone.
11:12 of 3rd period - Off-side.
11:13 of 3rd period - Nolan Patrick wins face-off versus Anthony Richard in neutral zone.
11:22 of 3rd period - Snap shot by Dylan Sikura.
11:22 of 3rd period - Shot Misses the Net.
11:24 of 3rd period - Wrist shot by Anthony Richard.
11:24 of 3rd period - Stopped by Dustin Wolf with a rebound.
11:26 of 3rd period - Wrist shot by Alex Vlasic.
11:26 of 3rd period - Shot Blocked by Nolan Patrick.
11:28 of 3rd period - Slapshot by Alex Vlasic.
11:28 of 3rd period - Deflect By Michael Rasmussen.
11:28 of 3rd period - Stopped by Dustin Wolf with a rebound.
11:47 of 3rd period - Snap shot by Sebastian Collberg.
11:47 of 3rd period - Shot Misses the Net.
12:01 of 3rd period - Emil Bemstrom is hit by K'Andre Miller and loses puck.
12:34 of 3rd period - Mikhail Vorobyev is hit by Frederic Allard.
12:54 of 3rd period - Slapshot by Ryan Culkin.
12:54 of 3rd period - Shot Misses the Net.
12:56 of 3rd period - Slapshot by Yegor Korshkov.
12:56 of 3rd period - Goal by Yegor Korshkov - Thunderbirds : 3 - Wolfpack : 7.
12:57 of 3rd period - Nolan Patrick wins face-off versus Rourke Chartier in neutral zone.
13:08 of 3rd period - Snap shot by Dryden Hunt.
13:08 of 3rd period - Stopped by Magnus Hellberg with a rebound.
13:10 of 3rd period - Wrist shot by Dryden Hunt.
13:10 of 3rd period - Shot Misses the Net.
13:12 of 3rd period - Snap shot by Sebastian Collberg.
13:12 of 3rd period - Shot Misses the Net.
13:33 of 3rd period - Henri Jokiharju is hit by Alexander Barabanov.
13:43 of 3rd period - Slapshot by Trey Fix-Wolansky.
13:43 of 3rd period - Shot Misses the Net.
13:45 of 3rd period - Wrist shot by Paul Cotter.
13:45 of 3rd period - Stopped by Dustin Wolf with a rebound.
13:47 of 3rd period - Slapshot by Dylan Blujus.
13:47 of 3rd period - Shot Blocked by Yegor Korshkov.
13:49 of 3rd period - Snap shot by Matt Roy.
13:49 of 3rd period - Stopped by Dustin Wolf with a rebound.
13:51 of 3rd period - Snap shot by Trey Fix-Wolansky.
13:51 of 3rd period - Shot Misses the Net.
13:53 of 3rd period - Snap shot by Dylan Blujus.
13:53 of 3rd period - Deflect By Rasmus Kupari.
13:53 of 3rd period - Shot Blocked by Yegor Korshkov.
13:53 of 3rd period - Puck is out of play.
13:54 of 3rd period - Nolan Patrick wins face-off versus Rourke Chartier in Wolfpack zone.
13:59 of 3rd period - Slapshot by Colton White.
13:59 of 3rd period - Stopped by Magnus Hellberg without a rebound.
14:00 of 3rd period - Nolan Patrick wins face-off versus Rourke Chartier in Thunderbirds zone.
14:57 of 3rd period - Wrist shot by Mikhail Vorobyev.
14:57 of 3rd period - Stopped by Magnus Hellberg without a rebound.
14:58 of 3rd period - Rourke Chartier wins face-off versus Nolan Patrick in Thunderbirds zone.
15:31 of 3rd period - Minor Penalty to Yegor Korshkov for Tripping.
15:32 of 3rd period - Dryden Hunt wins face-off versus Rourke Chartier in Wolfpack zone.
16:49 of 3rd period - Icing by Michael Rasmussen.
16:50 of 3rd period - Nolan Patrick wins face-off versus Rourke Chartier in Thunderbirds zone.
17:01 of 3rd period - Ryan Culkin is hit by Emil Bemstrom and loses puck.
17:31 of 3rd period - Penalty to Yegor Korshkov is over, Yegor Korshkov is back on ice.
17:38 of 3rd period - Slapshot by Trey Fix-Wolansky.
17:38 of 3rd period - Shot Blocked by Colton White.
17:38 of 3rd period - Colton White from Wolfpack is injured at 17:38 of 3rd period (Right Foot).
17:39 of 3rd period - Rourke Chartier wins face-off versus Nolan Patrick in Wolfpack zone.
17:40 of 3rd period - Slapshot by Joachim Blichfeld.
17:40 of 3rd period - Shot Misses the Net.
17:42 of 3rd period - Wrist shot by Henri Jokiharju.
17:42 of 3rd period - Stopped by Dustin Wolf with a rebound.
17:48 of 3rd period - Wrist shot by Rourke Chartier.
17:48 of 3rd period - Stopped by Dustin Wolf without a rebound.
17:49 of 3rd period - Nolan Patrick wins face-off versus Rourke Chartier in Wolfpack zone.
17:49 of 3rd period - Nolan Patrick is hit by Henri Jokiharju.
18:03 of 3rd period - Wrist shot by Nolan Patrick.
18:03 of 3rd period - Stopped by Magnus Hellberg without a rebound.
18:04 of 3rd period - Alex Barre-Boulet wins face-off versus Anthony Richard in Thunderbirds zone.
18:29 of 3rd period - K'Andre Miller is hit by Rourke Chartier and loses puck.
18:36 of 3rd period - Wrist shot by Sebastian Collberg.
18:36 of 3rd period - Deflect By Joachim Blichfeld.
18:36 of 3rd period - Stopped by Magnus Hellberg with a rebound.
18:52 of 3rd period - Matt Roy is hit by Cale Fleury and loses puck.
19:13 of 3rd period - Joshua Jacobs is hit by Matt Roy and loses puck.
19:52 of 3rd period - K'Andre Miller is hit by Michael Rasmussen and loses puck.
Goals for this period are 0 for Thunderbirds vs 1 for Wolfpack.
Shots for this period are 9 for Thunderbirds vs 13 for Wolfpack.